 Dungeon Crawl Stone Soup version 0.27-a0-287-gd4424db430 (webtiles) character file.

Game seed: 15008254455816962532

163 dolemite99 the Chopper (level 5, -1/45 HPs)
             Began as a Hill Orc Fighter on Feb 9, 2021.
             Was an Initiate of Qazlal.
             Slain by an orc warrior
             ... wielding a +0 long sword
              (2 damage)
             ... on level 3 of the Dungeon.
             The game lasted 00:04:47 (2844 turns).

dolemite99 the Chopper (Hill Orc Fighter)           Turns: 2844, Time: 00:04:47

Health: -1/45      AC:  9    Str: 20    XL:     5   Next: 44%
Magic:  5/5        EV:  5    Int:  8    God:    Qazlal [......]
Gold:   134        SH:  9    Dex: 10    Spells: 4/4 levels left

rFire    . . .     SeeInvis .   a - +0 war axe
rCold    . . .     Faith    .   c - +0 kite shield
rNeg     . . .     Spirit   .   j - +0 chain mail
rPois    .         Reflect  .   (no helmet)
rElec    .         Harm     .   (no cloak)
rCorr    .         Rampage  .   (no gloves)
Will     .....                  (no boots)
Stlth    ..........             (no amulet)
HPRegen  0.15/turn              (no ring)
MPRegen  0.09/turn              (no ring)

@: mighty
A: no striking features
a: Renounce Religion, Convert to Beogh


You were on level 3 of the Dungeon.
You worshipped Qazlal.
Qazlal was noncommittal.
You visited 1 branch of the dungeon, and saw 3 of its levels.

You collected 134 gold pieces.

Inventory:

Hand Weapons
 a - a +0 war axe (weapon)
 r - a +0 hunting sling
Missiles
 k - 157 stones
 l - 13 bolts
 n - 64 arrows
 u - 24 poisoned darts (quivered)
 v - 24 sling bullets
Armour
 b - a +0 scale mail
 c - a +0 kite shield (worn)
 h - a +0 buckler
 j - a +0 chain mail (worn)
Jewellery
 q - an uncursed ring of magical power {unknown}
 t - a +4 ring of slaying
Scrolls
 f - a scroll of remove curse {unknown}
 m - 3 scrolls of identify {unknown}
 o - 2 scrolls of immolation {unknown}
 p - 2 scrolls of fog {unknown}
Potions
 d - a potion of might
 e - a potion of mutation {unknown}
 g - a potion of brilliance {unknown}
 s - a potion of attraction {unknown}


   Skills:
 - Level 3.6 Fighting
 + Level 7.2 Axes
 - Level 3.2 Armour
 - Level 3.2 Shields


You had 4 spell levels left.
You didn't know any spells.
Your spell library was empty.

Dungeon Overview and Level Annotations

Branches:
Dungeon (3/15)

Altars:
Ashenzari
Kikubaaqudgha
Qazlal


Message History

Beogh smites you!
* * * LOW HITPOINT WARNING * * *
The orc warrior hits you but does no damage.
You barely miss the orc warrior.
The orc warrior is severely wounded.
The orc warrior hits you with a +0 long sword.
* * * LOW HITPOINT WARNING * * *
It was a potion of curing.
You feel better.
The orc priest looks satisfied for a moment.
The orc warrior hits you with a +0 long sword.
* * * LOW HITPOINT WARNING * * *
The orc priest threatens, "By the altar or by the axe, you will meet Beogh!"
You hit the orc warrior.
The orc warrior is almost dead.
The orc warrior hits you with a +0 long sword.
* * * LOW HITPOINT WARNING * * *
You hit the orc warrior but do no damage.
The orc warrior is almost dead.
The orc warrior hits you with a +0 long sword.
You die...

###### #######
#....# #.@ooo#
####.##.#
####.###o#
..##.##.#
#....#
..##.##.#
##.####
..##.##.# #...#
..##.##.###.###
..##..#.....#
..###.#######
..###.# ###


You could see an orc warrior, an orc priest, an orc wizard and an orc.

Vanquished Creatures
  Natasha (D:3)
  A worker ant (D:3)
  4 adders
  A gnoll (D:1)
  An ooze (D:1)
  An adder skeleton (D:3)
  A worm (D:3)
  A dart slug (D:3)
  2 leopard geckos
  An orc (D:3)
  4 giant cockroaches
  4 goblins
  6 hobgoblins
  8 jackals (D:1)
  6 bats
  4 frilled lizards
  8 kobolds
  3 rats
57 creatures vanquished.

Vanquished Creatures (others)
  11 plants (D:1)
11 creatures vanquished.

Grand Total: 68 creatures vanquished

Notes
Turn   | Place    | Note
-------+----------+-------------------------------------------
     0 | D:1      | dolemite99 the Hill Orc Fighter began the quest for the
                  | Orb.
     0 | D:1      | Reached XP level 1. HP: 19/19 MP: 1/1
    50 | D:1      | Reached skill level 3 in Axes
    57 | D:1      | Reached skill level 4 in Axes
    57 | D:1      | Reached XP level 2. HP: 17/26 MP: 2/2
   378 | D:1      | Reached XP level 3. HP: 31/31 MP: 3/3
   734 | D:1      | Reached skill level 5 in Axes
  1571 | D:2      | Found a stormy altar of Qazlal.
  1582 | D:2      | Became a worshipper of Qazlal Stormbringer
  1663 | D:2      | Reached XP level 4. HP: 28/39 MP: 4/4
  2060 | D:2      | You fall into a shaft and drop 1 floor!
  2097 | D:3      | Reached skill level 6 in Axes
  2423 | D:3      | Reached XP level 5. HP: 30/45 MP: 5/5
  2703 | D:3      | Found a broken altar of Ashenzari.
  2704 | D:3      | Found an ancient bone altar of Kikubaaqudgha.
  2737 | D:3      | Noticed Natasha
  2744 | D:3      | Killed Natasha
  2745 | D:3      | Reached skill level 7 in Axes
  2832 | D:3      | Noticed an orc warrior
  2843 | D:3      | HP: 1/45 [orc warrior/+0 long sword (6)]
  2844 | D:3      | Slain by an orc warrior

Illustrated notes

Levels and vault maps discovered:
D:1:      heliophobic_arrival_dark_side_of_the_moon, layout_loops_corners,
          serial_forest, infiniplex_forest_straight_3,
          infiniplex_forest_clump_long, infiniplex_forest_clump_medium,
          infiniplex_forest_lined_ring, infiniplex_forest_side_room,
          infiniplex_forest_clump_diagonal, infiniplex_forest_clump_medium,
          infiniplex_forest_clump_double, infiniplex_forest_clump_C,
          infiniplex_forest_lined_4_way, chequers_serial_rivers_micro_e,
          kennysheep_crisscross
D:2:      layout_rooms, nicolae_overflow_crystal_walls
D:3:      layout_basic, chequers_temple_overflow_statue_of_worship,
          minmay_vboxes, uniq_natasha

Skill      XL: |  1  2  3  4  5 |
---------------+----------------+-----
Axes           | 4 5 6 7 |  7.2
Fighting       | |  3.6
Armour         | |  3.2
Shields        | |  3.2

Action                   |  1- 3 |  4- 6 || total
-------------------------+-------+-------++-------
Melee: War axe           |    93 |    91 ||   184
Throw: Stone             |    11 |     3 ||    14
  Use: Potion            |       |     2 ||     2
       Scroll            |       |     1 ||     1
Armor: Scale mail        |    13 |       ||    13
       Chain mail        |    49 |    52 ||   101
Dodge: Dodged            |    43 |    21 ||    64
Block: Kite shield       |    24 |    47 ||    71
       Buckler           |    11 |       ||    11

Table legend: (Time is in decaauts)
 A = Elapsed time spent in this place.
 B = Non-inter-level travel time spent in this place.
 C = Inter-level travel time spent in this place.
 D = Time resting spent in this place.
 E = Time spent auto-exploring this place.
 F = Levels seen in this place.
 G = Mean time per level.
                   A        B        C        D        E       F      G
               +--------+--------+--------+--------+--------+-----+--------+
         Total |   2919 |   2886 |     33 |    898 |   1330 |   3 |  973.0 |
       Dungeon |   2919 |   2886 |     33 |    898 |   1330 |   3 |  973.0 |
               +--------+--------+--------+--------+--------+-----+--------+

Top non-repeatable levels by time:
     D:1: 1587 daAuts
     D:3: 814 daAuts
     D:2: 516 daAuts
